 Dungeon Crawl Stone Soup version 0.22.1-1-ga44c0e5 (webtiles) character file.

31914 Lauz the Severer (level 13, -2/116 HPs)
             Began as a Minotaur Berserker on Oct 14, 2018.
             Was the Champion of Trog.
             Killed from afar by a wretched star (17 damage)
             ... with an orb of energy
             ... on level 2 of the Abyss on Oct 15, 2018.
             The game lasted 01:05:00 (18785 turns).

Lauz the Severer (Minotaur Berserker)              Turns: 18785, Time: 01:05:01

Health: -2/116     AC: 15    Str: 26    XL:     13   Next: 28%
Magic:  9/9        EV: 13    Int:  4    God:    Trog [******]
Gold:   987        SH:  0    Dex:  7    Spells: 12/12 levels left

rFire    + + .     SeeInvis .   X - +6 executioner's axe (elec)
rCold    . . .     Gourm    .   (shield currently unavailable)
rNeg     . . .     Faith    +   s - +3 ring mail {rF+}
rPois    .         Spirit   .   (helmet restricted)
rElec    .         Reflect  .   U - +2 cloak
rCorr    .         Harm     .   a - +0 pair of gloves
MR       ++...                  (no boots)
Stlth    +.........             E - amulet of faith
HPRegen  1.00/turn              G - +2 ring of evasion
MPRegen  0.11/turn              O - ring of protection from fire

@: recuperating, diseased
A: retaliatory headbutt, horns 2, [clumsy 2], [low mp 2]
a: Berserk, Trog's Hand, Brothers in Arms, Renounce Religion


You were on level 2 of the Abyss.
You worshipped Trog.
Trog was exalted by your worship.
You were hungry.

You visited 2 branches of the dungeon, and saw 16 of its levels.
You visited the Abyss 2 times.
You also visited: Ossuary.

You collected 987 gold pieces.

Inventory:

Hand Weapons
 g - a +0 blowgun
 N - a +2 antimagic battleaxe
 T - a +2 longbow of flaming
 X - a +6 executioner's axe of electrocution (weapon)
Missiles
 n - 7 needles of paralysis
 o - 5 tomahawks of returning (quivered)
 t - 79 poisoned needles
 F - 19 needles of sleeping
 L - 3 javelins of returning
 Q - 6 curare-tipped needles
 V - 84 arrows
Armour
 a - a +0 pair of gloves (worn)
 b - a +0 animal skin
 j - a scarf of spirit shield
 l - a +0 ring mail
 s - a +3 ring mail of fire resistance (worn)
 K - a +0 buckler
 U - a +2 cloak (worn)
Jewellery
 E - an amulet of faith (around neck)
 G - a +2 ring of evasion (left hand)
 I - an uncursed ring of stealth
 O - a ring of protection from fire (right hand)
 Z - an uncursed amulet of guardian spirit
Wands
 r - a wand of polymorph (9)
 D - a wand of disintegration (12)
 H - a wand of enslavement (49)
 J - a wand of paralysis (4)
 S - a wand of iceblast (16)
 W - a wand of flame (43)
 Y - a wand of acid (47)
Scrolls
 e - 7 scrolls of remove curse
 h - 9 scrolls of identify
 k - 4 scrolls of teleportation
 u - a scroll of magic mapping
 x - 2 scrolls of enchant weapon
 y - 2 scrolls of fog
 B - a scroll of summoning {unknown}
 M - a scroll of torment {unknown}
 P - 3 scrolls of enchant armour {unknown}
 R - a scroll of vulnerability {unknown}
Potions
 d - 2 potions of heal wounds {unknown}
 f - 11 potions of curing {unknown}
 i - a potion of haste {unknown}
 m - 2 potions of agility
 p - 5 potions of brilliance {unknown}
 q - 3 potions of degeneration {unknown}
 v - 2 potions of lignification {unknown}
 w - a potion of flight {unknown}
 z - 2 potions of mutation {unknown}
 A - 2 potions of might
 C - a potion of cancellation {unknown}
Comestibles
 c - 22 rations


   Skills:
 + Level 11.2 Fighting
 + Level 20.0 Axes
 * Level 5.4 Throwing
 * Level 10.7 Armour
 - Level 2.1 Dodging
 - Level 1.9 Stealth
 + Level 0.9 Unarmed Combat


You had 12 spell levels left.
You didn't know any spells.
Your spell library was empty.

Dungeon Overview and Level Annotations

Branches:
Dungeon (13/15)            Temple (0/1) D:4            Lair (3/6) D:8
  Swamp (0/4) Lair:2        Snake (0/4) Lair:3          Orc (0/2) D:10
 Vaults: D:13-14

Altars:
Dithmenos
Hepliaklqana
Nemelex Xobeh
Okawaru
Trog
Xom
The Shining One

Annotations:
D:12 3 runed doors, HoaS's ghost, journeyman GrBe
Lair:1 Sonja


Innate Abilities, Weirdness & Mutations

You reflexively headbutt those who attack you in melee.
You have a pair of horns on your head.
[You are very clumsy. (Dex -4)]
[Your magical capacity is very low. (-20% MP)]


Message History

The wretched star is heavily damaged.
The wretched star glows turbulently.
The orb of energy hits you!
You closely miss the wretched star.
The wretched star is heavily damaged.
You feel ill.
The wretched star pulses with an eldritch light!
You feel clumsy. x2; You feel less energetic. x2
You slash the wretched star!
The wretched star is severely damaged.
You feel ill.
The wretched star glows turbulently.
The orb of energy hits you!
* * * LOW HITPOINT WARNING * * *
Your skin crawls.
You feel resistant to hostile enchantments.
You are feeling hungry.
The wretched star glows turbulently.
The orb of energy hits you!
You die...

. # . ## ... .
# .# .#.. #.##
# .# #...# #.
### ... #..#. #
# .
#..##.....##..#
# #...# ....# .
. #....##.### .
#...@.## . .
#.#.*#### . .
##.# . # ..#
x##.# . . #
..#. # #....#
...## #. . ..
... # # . ...
.##. .# ..#.# #
. #


You could see a wretched star and an ancient zyme.

Vanquished Creatures
  Erolcha (D:9)
  A hydra (Lair:1)
  A two-headed ogre (D:11)
  A sixfirhy (Abyss:2)
  6 large abominations
  Pikel (D:6)
  A deep elf mage (D:12)
  An ugly thing (D:11)
  A cyclops (D:11)
  Joseph (D:8)
  An apocalypse crab (Abyss:1)
  A gargoyle (D:10)
  2 black mambas
  5 spiny frogs
  4 komodo dragons
  An ancient zyme (Abyss:1)
  A harpy zombie (D:12)
  Grinder (D:4)
  A hornet (D:8)
  2 slime creatures (D:12)
  8 blink frogs
  4 hippogriffs
  A vampire (D:12)
  A shadow (D:11)
  A wyvern (Lair:3)
  31 yaks
  A hungry ghost (D:10)
  3 basilisks
  Eustachio (D:6)
  4 nagas (Lair:3)
  2 swamp worms (Lair:2)
  A porcupine (Lair:3)
  10 water moccasins
  9 orc warriors
  5 sky beasts
  A slave (D:6)
  A black bear (D:9)
  An eye of draining (Abyss:2)
  7 ice beasts
  A phantom (D:8)
  A hornet zombie (D:8)
  A necrophage (D:11)
  11 ogres
  7 wolves (Lair:3)
  4 centaurs
  6 crocodiles
  A big kobold (D:9)
  Blork the orc (D:4)
  16 bullfrogs
  A wyvern zombie (D:12)
  3 scorpions
  3 wights (D:8)
  14 killer bees
  9 howler monkeys
  A bullfrog zombie (D:11)
  4 electric eels
  13 crimson imps
  A quasit (D:11)
  5 centaur zombies
  5 jellies
  8 hounds
  3 bullfrog skeletons
  12 orc wizards
  4 orc priests
  4 iguanas
  Jessica (D:3)
  3 centaur skeletons
  Ijyb (D:3)
  Natasha (thrice) (D:4)
  10 worker ants
  A big kobold zombie (Ossuary)
  3 ogre zombies (Ossuary)
  2 hound skeletons
  7 mummies (Ossuary)
  2 worker ant zombies
  5 gnolls
  14 adders
  A white imp (D:11)
  An ooze (D:4)
  A worm zombie (D:4)
  3 adder zombies
  3 adder skeletons
  A worm (D:5)
  A dart slug (D:4)
  6 leopard geckos
  60 orcs
  A ball python (D:3)
  6 bats
  6 giant cockroaches
  3 gnoll zombies (Ossuary)
  15 goblins
  6 hobgoblins
  21 jackals
  6 quokkas
  2 frilled lizards
  4 goblin zombies (Ossuary)
  4 hobgoblin zombies (Ossuary)
  9 kobolds
  2 kobold zombies (Ossuary)
  A leopard gecko zombie (D:5)
  5 quokka zombies (Ossuary)
  12 rats
  4 rat zombies (Ossuary)
  A fungus (Lair:2)
502 creatures vanquished.

Vanquished Creatures (collateral kills)
  A spiny frog (Lair:2)
  6 yaks (Lair:2)
  A crocodile (Lair:2)
8 creatures vanquished.

Vanquished Creatures (others)
  A slave (D:6)
  A centaur (D:6)
  An adder (D:6)
  3 orcs (D:6)
  2 plants (D:8)
8 creatures vanquished.

Grand Total: 518 creatures vanquished

Notes
Turn   | Place    | Note
-------+----------+-------------------------------------------
     0 | D:1      | Lauz the Minotaur Berserker began the quest for the Orb.
     0 | D:1      | Reached XP level 1. HP: 19/19 MP: 0/0
   135 | D:1      | Found an iron altar of Okawaru.
   180 | D:1      | Reached skill level 4 in Axes
   217 | D:1      | Reached XP level 2. HP: 22/27 MP: 1/1
   752 | D:2      | Reached XP level 3. HP: 18/33 MP: 2/2
   755 | D:2      | Reached ** piety under Trog
  1045 | D:2      | Reached skill level 5 in Axes
  1145 | D:2      | You fall through a shaft!
  1158 | D:3      | Found a shadowy altar of Dithmenos.
  1159 | D:3      | Reached XP level 4. HP: 38/40 MP: 3/3
  1809 | D:3      | Noticed Jessica
  1816 | D:3      | Killed Jessica
  1816 | D:3      | Reached *** piety under Trog
  1816 | D:3      | Reached skill level 6 in Axes
  1914 | D:3      | Received a gift from Trog
  1916 | D:3      | Reached XP level 5. HP: 42/47 MP: 4/4
  2002 | D:3      | Noticed Ijyb
  2015 | D:3      | Killed Ijyb
  2172 | D:4      | Found a sand-covered staircase.
  2179 | Ossuary  | Entered an ossuary
  2294 | Ossuary  | Reached skill level 7 in Axes
  2405 | Ossuary  | Reached XP level 6. HP: 40/55 MP: 5/5
  2688 | Ossuary  | Reached skill level 8 in Axes
  2696 | Ossuary  | Reached **** piety under Trog
  2830 | D:4      | Noticed Grinder
  2833 | D:4      | Noticed Natasha
  2837 | D:4      | Killed Natasha
  2839 | D:4      | Reached XP level 7. HP: 52/60 MP: 6/6
  2850 | D:4      | Killed Grinder
  2850 | D:4      | Reached skill level 5 in Fighting
  2850 | D:4      | Reached skill level 9 in Axes
  3142 | D:4      | Noticed Natasha
  3148 | D:4      | Killed Natasha
  3183 | D:4      | Noticed Blork the orc
  3188 | D:4      | Killed Blork the orc
  3217 | D:4      | Reached skill level 10 in Axes
  3311 | D:4      | Reached XP level 8. HP: 34/68 MP: 7/7
  3542 | D:4      | Noticed Natasha
  3551 | D:4      | Killed Natasha
  3777 | D:4      | Found a staircase to the Ecumenical Temple.
  3845 | D:5      | Entered Level 5 of the Dungeon
  4030 | D:5      | Reached skill level 11 in Axes
  4136 | D:5      | Reached ***** piety under Trog
  4521 | D:5      | Reached skill level 12 in Axes
  4629 | D:5      | Found a hazy altar of Hepliaklqana.
  4916 | D:6      | Reached skill level 5 in Armour
  4925 | D:6      | Reached XP level 9. HP: 56/75 MP: 8/8
  5386 | D:6      | Reached skill level 1 in Stealth
  5416 | D:6      | Found a shimmering altar of Xom.
  5447 | D:6      | Reached skill level 13 in Axes
  5527 | D:6      | Noticed Pikel
  5541 | D:6      | Killed Pikel
  5909 | D:6      | Noticed Eustachio
  5918 | D:6      | Killed Eustachio
  5995 | D:6      | Found a glowing golden altar of the Shining One.
  6374 | D:7      | Reached skill level 14 in Axes
  6639 | D:7      | Received a gift from Trog
  6695 | D:7      | Reached XP level 10. HP: 86/86 MP: 9/9
  7341 | D:8      | Received a gift from Trog
  7348 | D:8      | Noticed Joseph
  7646 | D:8      | Killed Joseph
  7775 | D:8      | Reached skill level 15 in Axes
  7834 | D:8      | Found a staircase to the Lair.
  8086 | D:8      | Paralysed by a hornet for 1 turns
  9055 | D:9      | Noticed Erolcha
  9056 | D:9      | Cast into level 1 of the Abyss (Erolcha)
  9124 | Abyss:1  | Noticed a cacodemon
  9127 | Abyss:1  | Noticed a sixfirhy
  9128 | Abyss:1  | Noticed an orange demon
  9133 | D:9      | Escaped the Abyss
  9483 | D:9      | Killed Erolcha
  9483 | D:9      | Reached skill level 1 in Throwing
  9556 | D:9      | Noticed a moth of wrath
  9561 | D:9      | Found a bloodstained altar of Trog.
  9801 | D:9      | Reached XP level 11. HP: 94/95 MP: 3/10
  9959 | D:9      | Reached skill level 16 in Axes
 10256 | D:10     | Entered Level 10 of the Dungeon
 10324 | D:10     | Received a gift from Trog
 10960 | D:10     | Found a staircase to the Orcish Mines.
 11565 | D:10     | Reached ****** piety under Trog
 11565 | D:10     | Received a gift from Trog
 11682 | D:11     | Reached skill level 17 in Axes
 11945 | D:11     | Noticed a two-headed ogre
 11952 | D:11     | Killed a two-headed ogre
 12263 | D:11     | Noticed a red ugly thing
 12273 | D:11     | Killed a red ugly thing
 13053 | D:12     | Reached skill level 18 in Axes
 13190 | D:12     | Noticed a deep elf mage
 13205 | D:12     | Killed a deep elf mage
 13205 | D:12     | Reached XP level 12. HP: 96/106 MP: 11/11
 13353 | D:12     | Noticed a fire giant
 13354 | D:12     | Noticed HoaS's ghost (journeyman GrBe)
 13354 | D:12     | Noticed a seven-headed hydra
 13355 | D:12     | Noticed an ettin
 13356 | D:12     | Noticed a tengu warrior
 13372 | D:12     | Found a runed gate.
 13372 | D:12     | Found a runed gate.
 13374 | D:12     | Found a runed gate.
 13933 | D:12     | Found a sparkling altar of Nemelex Xobeh.
 13945 | D:12     | Reached skill level 10 in Fighting
 14477 | D:13     | Noticed a seven-headed hydra
 14589 | Lair:1   | Entered Level 1 of the Lair of Beasts
 14678 | Lair:1   | Noticed Sonja
 15436 | Lair:1   | Reached skill level 19 in Axes
 15476 | Lair:1   | Received a gift from Trog
 15476 | Lair:1   | Noticed a four-headed hydra
 15482 | Lair:1   | Noticed a six-headed hydra
 15485 | Lair:1   | Killed a five-headed hydra
 15513 | Lair:2   | Reached skill level 10 in Armour
 16040 | Lair:2   | Found a staircase to the Swamp.
 17305 | Lair:3   | Reached XP level 13. HP: 115/115 MP: 12/12
 17366 | Lair:3   | Found a staircase to the Snake Pit.
 17843 | Lair:3   | Reached skill level 5 in Throwing
 18236 | Lair:1   | Cast into level 1 of the Abyss (Sonja)
 18289 | Abyss:1  | Found a corrupted altar of Lugonu.
 18684 | Abyss:2  | Found a corrupted altar of Lugonu.
 18722 | Abyss:2  | Reached skill level 20 in Axes
 18785 | Abyss:2  | Killed from afar by a wretched star

Skill      XL: |  1  2  3  4  5  6  7  8  9 10 11 12 13 |
---------------+----------------------------------------+-----
Axes           | 4 5 6 7 8 10 12 14 15 18 19 20 | 20.0
Fighting       | 4 5 7 8 9 10 11 | 11.2
Armour         | 3 5 6 8 9 10 | 10.7
Stealth        | 1 |  1.9
Throwing       | 1 2 4 5 |  5.4
Dodging        | |  2.1
Unarmed Combat | |  0.9

Action                   |  1- 3 |  4- 6 |  7- 9 | 10-12 | 13-15 || total
-------------------------+-------+-------+-------+-------+-------++-------
Melee: Hand axe          |    89 |   109 |       |       |       ||   198
       Headbutt          |    12 |    37 |    47 |    98 |    21 ||   215
       Unarmed           |       |     8 |       |       |       ||     8
       Punch             |       |     1 |     2 |     1 |       ||     4
       War axe           |       |    50 |   257 |    56 |       ||   363
       Battleaxe         |       |       |       |   247 |       ||   247
       Executioner's axe |       |       |       |   244 |    79 ||   323
 Fire: Longbow           |       |       |       |     3 |       ||     3
       Blowgun           |       |       |       |     6 |       ||     6
Throw: Tomahawk          |       |       |     4 |    73 |     6 ||    83
Invok: Berserk           |       |     1 |     2 |     3 |     1 ||     7
       Trog's Hand       |       |       |       |     1 |     1 ||     2
       Brothers in Arms  |       |       |       |     1 |       ||     1
  Use: Scroll            |       |     1 |     3 |    17 |     1 ||    22
 Stab: Confused          |       |     1 |       |       |       ||     1
       Sleeping          |       |       |     3 |     9 |       ||    12
  Eat: Chunk             |       |     4 |    13 |    20 |     2 ||    39
       Ration            |       |     1 |       |     6 |     1 ||     8
Armor: Animal skin       |    13 |     7 |       |       |       ||    20
       Ring mail         |       |    32 |    74 |   224 |    30 ||   360
       Skin              |       |     1 |       |       |       ||     1
Dodge: Dodged            |    47 |    78 |   126 |   380 |    42 ||   673
